AoeStats
← devilsdealslol

Black Forest

506962082Analyzed
1v1 RM · 17d ago on Sep 16, 2026· 49m 40s· 2 players
Game mode
Random Map
Map size
Tiny (2 player)
Population
200
Speed
Normal
Resources
Standard
Victory
Conquest
Starting age
Dark Age
Ending age
Imperial Age
RankedLock teamsTeams togetherTeam positionsShared explorationLock speedFull tech treeHidden civsTurbo modeCheats
Victory
Defeat
🇺🇸 Teutons · United States
310
+19
🇵🇹 Britons · Portugal
373
-19
devilsdealslol
2:26 Loom
13:01 Feudal Age
15:09 Double-Bit Axe
18:07 Scale Barding Armor
18:19 Bloodlines
21:33 Castle Age
22:19 Bloodlines
22:25 Forging
22:36 Chain Barding Armor
33:25 Iron Casting
38:11 Gambesons
42:58 Imperial Age
41:15 Man-at-Arms
42:05 Squires
41:51 Arson
42:27 Gold Mining
42:28 Stone Mining
42:52 Bow Saw
42:26 Horse Collar
42:52 Scale Mail Armor
43:37 Wheelbarrow
42:49 Town Watch
43:04 Elite Teutonic Knight
45:08 Hand Cart
46:20 Ironclad
Toerz
6:35 Loom
10:42 Feudal Age
11:09 Double-Bit Axe
11:10 Horse Collar
18:47 Wheelbarrow
18:45 Gold Mining
21:49 Forging
21:40 Scale Mail Armor
24:25 Castle Age
26:47 Bow Saw
26:45 Heavy Plow
31:08 Iron Casting
30:48 Chain Mail Armor
30:10 Pikeman
30:52 Squires
31:26 Treadmill Crane
33:39 Town Watch
42:01 Fletching
42:12 Padded Archer Armor
43:12 Hand Cart
43:17 Crossbowman
45:00 Fervor
45:30 Yeomen
47:50 Bodkin Arrow
48:10 Leather Archer Armor
48:21 Ballistics
Connection lost

Rejoining the realm…

Still unreachable

The connection could not be restored.

Session expired

The server has moved on; the page needs a fresh start.